 Dungeon Crawl Stone Soup version 0.28-a0-1074-g3cb2360906 (webtiles) character file.

Game seed: 16036987204984010993

245 Peloso the Shield-Bearer (level 5, 0/47 HPs)
             Began as a Minotaur Fighter on Dec 9, 2021.
             Succumbed to a scorpion's poison
             ... on level 4 of the Dungeon.
             The game lasted 00:06:11 (2586 turns).

Peloso the Shield-Bearer (Minotaur Fighter)         Turns: 2586, Time: 00:06:12

Health: 0/47       AC:  9    Str: 20    XL:     5   Next: 84%
Magic:  4/4        EV:  8    Int:  5    God:
Gold:   131        SH:  5    Dex: 12    Spells: 4/4 levels left

rFire   . . .      SeeInvis .   a - +0 long sword
rCold   . . .      Faith    .   c - +0 buckler
rNeg    . . .      Spirit   .   o - +0 chain mail
rPois   .          Reflect  .   (helmet restricted)
rElec   .          Harm     .   (no cloak)
rCorr   .          Rampage  .   (no gloves)
Will    .....                   (no boots)
Stlth   ..........              (no amulet)
HPRegen 0.15/turn               (no ring)
MPRegen 0.09/turn               (no ring)

@: lethally poisoned (0 -> -18), attractive
A: horns 2, retaliatory headbutt
a: no special abilities


You were on level 4 of the Dungeon.
You visited 1 branch of the dungeon, and saw 4 of its levels.

You collected 131 gold pieces.

Inventory:

Hand Weapons
 a - a +0 long sword (weapon)
Armour
 b - a +0 scale mail
 c - a +0 buckler (worn)
 o - a +0 chain mail (worn)
Wands
 l - a wand of polymorph (6)
Scrolls
 e - 2 scrolls of fear
 h - a scroll of magic mapping
 i - a scroll of identify {unknown}
 k - a scroll of amnesia {unknown}
 n - a scroll of fog {unknown}
Potions
 d - 2 potions of might
 m - a potion of degeneration {unknown}


   Skills:
 + Level 4.6 Fighting
 + Level 4.5 Long Blades
 + Level 5.0 Armour
 + Level 1.0 Dodging
 + Level 0.1 Stealth
 + Level 5.0 Shields


You had 4 spell levels left.
You didn't know any spells.
Your spell library was empty.

Dungeon Overview and Level Annotations

Branches:
Dungeon (4/15)
 Temple: D:4-7

Altars:

Shops:
D:1 [=!*?

Annotations:
D:2 Sigmund


Innate Abilities, Weirdness & Mutations

You have a pair of horns on your head.
You reflexively headbutt those who attack you in melee.


Message History

The hound bites you but does no damage.
You barely miss the hound. You headbutt the hound.
The hound is moderately wounded.
The hound closely misses you. The scorpion stings you.
Unknown command.
You barely miss the hound.
The hound is moderately wounded.
The hound bites you. The scorpion closely misses you.
The hound bites you but does no damage. The scorpion stings you!
You completely miss the hound.
The hound is moderately wounded.
The hound bites you.
The scorpion stings you but does no damage.
The hound bites you.
You hit the hound.
You headbutt the hound, but do no damage.
The hound is heavily wounded.
The hound closely misses you. You furiously retaliate!
You headbutt the hound. You block the scorpion's attack.
The hound bites you but does no damage. You block the scorpion's attack.
Found a scroll labelled GOPROU UWEFIT.
The hound bites you but does no damage. The hound bites you but does no damage.
You block the scorpion's attack. The hound bites you but does no damage.
The hound closely misses you. The scorpion stings you.
* * * LOW HITPOINT WARNING * * *
You are lethally poisoned!
The scorpion poisons you!
You see here a +4 hunting sling.
It was a potion of cancellation.
You feel magically purged.
* * * LOW HITPOINT WARNING * * *
You feel very sick. The scorpion stings you.
* * * LOW HITPOINT WARNING * * *
You are more poisoned.
The scorpion poisons you! The hound barely misses you. You furiously retaliate!
You headbutt the hound.
It was a potion of attraction.
You feel attractive to monsters.
You die...

#..........#.## *,,,,,,,,,,
#..........#..###*,,,,,,,,,*
##.............?#*,,,,,,,,,*
#..........####..,,,,,,,,,,,
#..........########,,,,*,,,,
#..........#......#**,,,,***
*,.........#......##*,**,,,,
*,........s#<.......,,**,***
**........h@.......#****,* *
*..#####..#...(..## *,* *
*..#(=!#..#......# *,***
*..#(?!#..#......# *,,,,
*..#$/[#..######## *****
*..#####..# * *,........#
*,......[.# **#########


You could see a scorpion and a hound.

Vanquished Creatures
  A water moccasin skeleton (D:3)
  Jessica (D:3)
  Natasha (thrice) (D:2)
  3 adders
  A gnoll (D:1)
  2 dart slugs
  4 orcs (D:3)
  3 endoplasms
  A giant cockroach (D:3)
  3 goblins
  8 hobgoblins
  3 jackals (D:3)
  3 quokkas
  3 ball pythons
  3 bats
  4 frilled lizards
  4 kobolds
  4 rats
54 creatures vanquished.

Vanquished Creatures (others)
  A withered plant (D:4)
1 creature vanquished.

Grand Total: 55 creatures vanquished

Notes
Turn   | Place    | Note
-------+----------+-------------------------------------------
     0 | D:1      | Peloso the Minotaur Fighter began the quest for the Orb.
     0 | D:1      | Reached XP level 1. HP: 19/19 MP: 0/0
   147 | D:1      | Reached XP level 2. HP: 27/27 MP: 1/1
   151 | D:1      | Found Exuyv's Distillery.
   231 | D:1      | Found Kicaum's Magic Scroll Emporium.
   234 | D:1      | Found Jurhi's Assorted Antiques.
   384 | D:1      | Found a faded altar of an unknown god.
   408 | D:1      | Reached XP level 3. HP: 33/33 MP: 2/2
   462 | D:1      | Found Kyvaryeh's Antique Armour Shop.
   612 | D:2      | Noticed Natasha
   622 | D:2      | Killed Natasha
   795 | D:2      | Reached XP level 4. HP: 31/40 MP: 3/3
   974 | D:2      | Noticed Natasha
  1001 | D:2      | Killed Natasha
  1232 | D:2      | Noticed Natasha
  1237 | D:2      | Killed Natasha
  1385 | D:2      | Noticed Sigmund
  1590 | D:3      | Noticed Jessica
  1627 | D:3      | Killed Jessica
  1628 | D:3      | Reached XP level 5. HP: 26/47 MP: 4/4
  2105 | D:3      | Reached skill level 1 in Dodging
  2105 | D:3      | Reached skill level 5 in Shields
  2266 | D:3      | Reached skill level 5 in Armour
  2586 | D:4      | Succumbed to a scorpion's poison

Illustrated notes

Levels and vault maps discovered:
D:1:      dpeg_arrival_tiny_a, layout_rooms, chequers_ecumenical_altar_twisty,
          serial_shops, nicolae_shop_stone, shop_statue,
          nicolae_shop_temple_entry_statues_fountains, nicolae_shop_stone,
          nicolae_shop_crystal
D:2:      layout_basic, uniq_sigmund, uniq_natasha
D:3:      layout_basic, uniq_jessica
D:4:      layout_rooms, enter_ossuary_5, gammafunk_ghost_cemetery,
          grunt_decor_cap, due_unseen_surprise

Skill      XL: |  1  2  3  4  5 |
---------------+----------------+-----
Shields        | 4 5 |  5.0
Armour         | 4 5 |  5.0
Fighting       | 4 |  4.6
Long Blades    | 3 4 |  4.5
Dodging        | 1 |  1.0
Stealth        | |  0.1

Action                   |  1- 3 |  4- 6 || total
-------------------------+-------+-------++-------
Melee: Long sword        |    43 |   106 ||   149
       Headbutt          |     6 |    22 ||    28
  Use: Scroll            |       |     4 ||     4
       Potion            |       |     2 ||     2
Armor: Scale mail        |    14 |    32 ||    46
       Chain mail        |       |    18 ||    18
Dodge: Dodged            |    17 |    50 ||    67
Block: Buckler           |     9 |    27 ||    36

Table legend: (Time is in decaauts)
 A = Elapsed time spent in this place.
 B = Non-inter-level travel time spent in this place.
 C = Inter-level travel time spent in this place.
 D = Time resting spent in this place.
 E = Time spent auto-exploring this place.
 F = Levels seen in this place.
 G = Mean time per level.
                   A        B        C        D        E       F      G
               +--------+--------+--------+--------+--------+-----+--------+
         Total |   2630 |   2599 |     31 |      0 |   2057 |   4 |  657.5 |
       Dungeon |   2630 |   2599 |     31 |      0 |   2057 |   4 |  657.5 |
               +--------+--------+--------+--------+--------+-----+--------+

Top non-repeatable levels by time:
     D:3: 1125 daAuts
     D:2: 874 daAuts
     D:1: 586 daAuts
     D:4: 44 daAuts
